 Dungeon Crawl Stone Soup version 0.28.0-45-g0d030f2227 (webtiles) character file.

Game seed: 380071277443705729

46 MisterFreud the Covert (level 3, -1/35 HPs)
             Began as a Gnoll Delver on May 14, 2022.
             Slain by a rat (2 damage)
             ... on level 3 of the Dungeon.
             The game lasted 00:00:42 (626 turns).

MisterFreud the Covert (Gnoll Delver)                Turns: 626, Time: 00:00:42

Health: -1/35      AC:  3    Str: 11    XL:     3   Next: 66%
Magic:  4/4        EV: 13    Int: 11    God:
Gold:   17         SH:  0    Dex: 13    Spells: 3/3 levels left

rFire   . . .      SeeInvis .   a - +0 short sword
rCold   . . .      Faith    .   (no shield)
rNeg    . . .      Spirit   .   b - +0 leather armour
rPois   .          Reflect  .   (no helmet)
rElec   .          Harm     .   (no cloak)
rCorr   .          Rampage  .   (no gloves)
Will    .....                   (no boots)
Stlth   ++++......              (no amulet)
HPRegen 0.11/turn               (no ring)
MPRegen 0.09/turn               (no ring)

@: no status effects
A: fangs 1, strong nose, distributed training
a: no special abilities


You were on level 3 of the Dungeon.
You visited 1 branch of the dungeon, and saw 4 of its levels.

You collected 17 gold pieces.

Inventory:

Hand Weapons
 a - a +0 short sword (weapon)
Armour
 b - a +0 leather armour (worn)
Wands
 g - a wand of digging (3)
Scrolls
 c - a scroll of fog
 d - a scroll of magic mapping
 e - a scroll of fear
 h - a scroll of teleportation {unknown}
Potions
 f - a potion of haste
 i - a potion of berserk rage {unknown}


   Skills:
 + Level 6.5 Fighting
 + Level 4.5 Short Blades
 + Level 0.9 Long Blades
 + Level 0.9 Axes
 + Level 0.9 Maces & Flails
 + Level 0.9 Polearms
 + Level 0.9 Staves
 + Level 0.9 Slings
 + Level 0.9 Bows
 + Level 0.9 Crossbows
 + Level 0.9 Throwing
 + Level 0.9 Armour
 + Level 4.5 Dodging
 + Level 9.6 Stealth
 + Level 0.9 Shields
 + Level 0.9 Unarmed Combat
 + Level 0.9 Spellcasting
 + Level 0.6 Conjurations
 + Level 0.6 Hexes
 + Level 0.6 Summonings
 + Level 0.6 Necromancy
 + Level 0.6 Translocations
 + Level 0.6 Transmutations
 + Level 0.6 Fire Magic
 + Level 0.6 Ice Magic
 + Level 0.6 Air Magic
 + Level 0.6 Earth Magic
 + Level 0.6 Poison Magic
 + Level 1.0 Invocations
 + Level 0.9 Evocations


You had 3 spell levels left.
You didn't know any spells.
Your spell library was empty.

Dungeon Overview and Level Annotations

Branches:
Dungeon (6/15)
 Temple: D:4-7

Altars:


Innate Abilities, Weirdness & Mutations

You have very sharp teeth.
Your uncanny sense of smell can sniff out nearby items.
Your experience applies equally to all skills.


Message History

The worm is heavily wounded.
The worm bites you!
You hit the worm but do no damage.
The worm is moderately wounded.
You are too injured to fight recklessly!
You hit the worm.
The worm is severely wounded.
The worm bites you.
You completely miss the worm. You bite the worm.
The worm is severely wounded.
You are too injured to fight recklessly!
You hit the worm but do no damage.
The worm is severely wounded.
The worm completely misses you.
You barely miss the worm.
The worm is severely wounded.
You puncture the worm!
You kill the worm!
You hit the kobold. Your bite misses the kobold.
The kobold is moderately wounded.
The kobold hits you with a +0 whip.
* * * LOW HITPOINT WARNING * * *
You hit the kobold but do no damage.
The kobold is moderately wounded.
The kobold closely misses you.
You closely miss the kobold.
The kobold is moderately wounded.
The kobold hits you but does no damage.
You closely miss the kobold.
The kobold is moderately wounded.
The kobold hits you with a +0 whip.
* * * LOW HITPOINT WARNING * * *
You barely miss the kobold.
The kobold is moderately wounded.
The kobold hits you with a +0 whip.
* * * LOW HITPOINT WARNING * * *
You hit the kobold.
You kill the kobold!
You barely miss the rat. The rat bites you.
You die...

..# #.# .r.. ∆ ..#
..8.. #.# ......
#.# .=.8.. #.#
....... #.#######
8....# #.r@....#
..#.######.#####.#
######.#K.r....#
..#...#.######.#
.......#.# #.#
........#.# #.#
.........#.# #.#
..........#.##.#
##.#.......#.#..


You could see a rat.

Vanquished Creatures
  A bullfrog skeleton (D:6)
  An adder (D:5)
  A worm (D:3)
  An orc (D:4)
  A giant cockroach (D:4)
  A goblin (D:4)
  A hobgoblin (D:4)
  A kobold (D:3)
8 creatures vanquished.

Notes
Turn   | Place    | Note
-------+----------+-------------------------------------------
     0 | D:5      | Reached skill level 9 in Stealth
     0 | D:5      | MisterFreud the Gnoll Delver began the quest for the Orb.
     0 | D:5      | Reached XP level 1. HP: 23/23 MP: 1/1
    29 | D:6      | Reached XP level 2. HP: 9/29 MP: 2/2
    29 | D:6      | Reached XP level 3. HP: 12/35 MP: 3/3
   181 | D:6      | Noticed an ice beast
   360 | D:4      | Reached skill level 1 in Invocations
   624 | D:3      | HP: 1/35 [kobold/+0 whip (5)]
   626 | D:3      | Slain by a rat

Illustrated notes

Levels and vault maps discovered:
D:3:      wad_pebble_path, layout_basic, mainiacjoe_overflow_24_doors,
          minmay_misc_feat_columns
D:4:      layout_basic, small_statue_intersection, minmay_misc_feat_x,
          st_stairs_2, chequers_serial_rivers_micro_a, item_on_display_b
D:5:      layout_loops_corners, cheibriados_altar_1, nicolae_shop_gadgets
D:6:      layout_basic, mainiacjoe_overflow_cross_hatched,
          nicolae_ashenzari_panopticon, lemuel_zombie_altar_yredelemnul,
          minmay_temple_entry_wispy, kennysheep_dice

Skill      XL: |  1  2  3 |
---------------+----------+-----
Stealth        | |  9.6
Invocations    | 1 |  1.0
Fighting       | |  6.5
Short Blades   | |  4.5
Long Blades    | |  0.9
Axes           | |  0.9
Maces & Flails | |  0.9
Polearms       | |  0.9
Staves         | |  0.9
Slings         | |  0.9
Bows           | |  0.9
Crossbows      | |  0.9
Throwing       | |  0.9
Armour         | |  0.9
Dodging        | |  4.5
Shields        | |  0.9
Unarmed Combat | |  0.9
Spellcasting   | |  0.9
Conjurations   | |  0.6
Hexes          | |  0.6
Summonings     | |  0.6
Necromancy     | |  0.6
Translocations | |  0.6
Transmutations | |  0.6
Fire Magic     | |  0.6
Ice Magic      | |  0.6
Air Magic      | |  0.6
Earth Magic    | |  0.6
Poison Magic   | |  0.6
Evocations     | |  0.9

Action                   || total
-------------------------++-------
Melee: Short sword       ||    56
       Bite              ||     8
       Punch             ||     1
 Stab: Sleeping          ||     1
Armor: Leather armour    ||     7
Dodge: Dodged            ||    27
